 Dungeon Crawl Stone Soup version 0.17-a0-1443-g24042e0 (webtiles) character file.

2173 zhaorenw the Covert (level 9, -1/54 HPs)
             Began as an Octopode Assassin on June 28, 2015.
             Slain by a human zombie (8 damage)
             ... in an ossuary.
             The game lasted 00:20:10 (7353 turns).

zhaorenw the Covert (Octopode Assassin)             Turns: 7353, Time: 00:20:10

Health: -1/54      AC:  1    Str: 10    XL:     9   Next: 32%
Magic:  12/12      EV: 12    Int: 13    God:
Gold:   212        SH:  0    Dex: 15    Spells: 1 memorised, 6 levels left

rFire  . . .     SeeInvis .     d - +5 dagger
rCold  + . .     Clarity  .     (no shield)
rNeg   . . .     SustAt   .     (helmet restricted)
rPois  +         Gourm    +     o - amulet of the gourmand {Gourm, !d}
rElec  .         Spirit   .     n - ring of protection from cold {rC+, !d}
rCorr  .         Warding  .     (no ring)
rMut   .         Stasis   .     (no ring)
MR     .....                    (no ring)
Stlth  ++++++++..               (no ring)
                                (no ring)
                                (no ring)
                                (no ring)

@: marked, very slightly contaminated, invisible (expiring), not resistant to
hostile enchantments, extraordinarily stealthy
A: almost no armour, amphibious, 8 rings, constrict 8, camouflage 1, clumsy 1,
low mp 1, poison resistance, gelatinous body 1
a: no special abilities


You were in an ossuary.
You were not hungry.

You visited 1 branch of the dungeon, and saw 6 of its levels.
You also visited: Ossuary.

You collected 212 gold pieces.

Inventory:

Hand weapons
 b - a +0 blowgun
 d - a +5 dagger (weapon)
   (You took it off an orc on level 4 of the Dungeon)
 h - the +6 hammer of Ovucwi {flame, -Tele rC- rN+ Str+11}
   (You found it on level 5 of the Dungeon)

   It has been specially enchanted to burn those struck by it, causing extra
   injury to most foes and up to half again as much damage against particularly
   susceptible opponents.
   It affects your strength (+11).
   It makes you vulnerable to cold.
   It protects you from negative energy.
   It prevents most forms of teleportation.
 D - the +1 war axe "Itwig" {antimagic, +Inv Str+2 SInv}
   (You found it on level 5 of the Dungeon)

   It disrupts the flow of magical energy around spellcasters and certain
   magical creatures (including the wielder).
   It affects your strength (+2).
   It lets you see invisible.
   It lets you turn invisible.
Missiles
 c - 35 poisoned needles
Jewellery
 n - a ring of protection from cold (left tentacle) {rC+, !d}
   (You found it on level 3 of the Dungeon)
 o - an amulet of the gourmand (around mantle) {Gourm, !d}
   (You found it on level 1 of the Dungeon)
Magical devices
 a - a wand of digging (10)
   (You found it on level 4 of the Dungeon)
 w - a wand of invisibility (6)
   (You found it on level 3 of the Dungeon)
 y - a wand of fire (3)
   (You found it on level 4 of the Dungeon)
Scrolls
 g - 2 scrolls of fog
 v - a scroll of recharging
 F - a scroll of fear
Potions
 m - a potion of might
 p - 2 potions of lignification {unknown}
 q - a potion of resistance {unknown}
 u - a potion of beneficial mutation {unknown}
Books
 B - a book of Geomancy
   (You found it on level 5 of the Dungeon)
Comestibles
 e - 4 bread rations {@e1}
 j - a slice of pizza
 s - 5 meat rations {@e2}
 A - 4 fruits


   Skills:
 - Level 2.0 Fighting
 - Level 2.0 Short Blades
 - Level 2.0 Throwing
 - Level 1.0 Dodging
 - Level 14.3 Stealth
 + Level 7.2 Evocations


You had 6 spell levels left.
You knew the following spells:

 Your Spells              Type           Power        Failure   Level  Hunger
s - Stoneskin             Trmt/Erth      #.......     47%         2    ###....


Dungeon Overview and Level Annotations

Branches:
Dungeon (6/15)
 Temple: D:4-7

Altars:
Elyvilon
Zin

Shops:
D:5 %


Innate Abilities, Weirdness & Mutations

You cannot wear most types of armour.
You are amphibious.
You can wear up to eight rings at the same time.
You can use your tentacles to constrict eight enemies at once.
Your skin changes colour to match your surroundings (Stealth).
Your rubbery body absorbs attacks (AC +1).
You are clumsy. (Dex -2)
Your magical capacity is low (-10% MP).
Your system is resistant to poisons.


Message History

The big kobold zombie closely misses you.
You miss the elf zombie. You grab the elf zombie.
You constrict the big kobold zombie.
You destroy the big kobold zombie!
Your Evocations skill increases to level 7!
You constrict the elf zombie, but do no damage.
The elf zombie misses you.
The kobold zombie completely misses you.
You hit the elf zombie. You squeeze the elf zombie!
You constrict the elf zombie. The elf zombie barely misses you.
A kobold zombie comes into view.
You completely miss the elf zombie. You constrict the elf zombie.
The kobold zombie misses you. The elf zombie hits you.
* * * LOW HITPOINT WARNING * * *
You take 1 damage, and have 13/54 hp.
Drink which item? (? for menu, Esc to quit)
You feel better.
You constrict the elf zombie. The kobold zombie closely misses you.
A kobold zombie comes into view.
You regained 6 hp, and now have 19/54 hp.
You don't know that spell.
You hit the elf zombie. You constrict the elf zombie.
The elf zombie closely misses you. The kobold zombie barely misses you.
A human zombie comes into view.
You barely miss the elf zombie. You squeeze the elf zombie.
You constrict the elf zombie. The elf zombie completely misses you.
The rat zombie bites you.
You take 2 damage, and have 17/54 hp.
You barely miss the rat zombie. You grab the rat zombie.
You squeeze the rat zombie. You constrict the rat zombie.
You destroy the rat zombie!
You constrict the elf zombie. The kobold zombie closely misses you.
The elf zombie hits you!
* * * LOW HITPOINT WARNING * * *
You take 7 damage, and have 10/54 hp.
You hit the elf zombie. You constrict the elf zombie.
The kobold zombie closely misses you.
You hit the mummy. You grab the mummy. You squeeze the mummy!
You constrict the mummy. You constrict the elf zombie. The elf zombie hits you.
* * * LOW HITPOINT WARNING * * *
You take 1 damage, and have 9/54 hp.
You hit the mummy. You constrict the mummy.
You destroy the mummy!
You constrict the elf zombie. The kobold zombie closely misses you.
The elf zombie barely misses you.
You barely miss the elf zombie. You constrict the elf zombie.
The kobold zombie closely misses you. The kobold zombie barely misses you.
The elf zombie closely misses you.
You closely miss the elf zombie. You squeeze the elf zombie!
You constrict the elf zombie.
The kobold zombie hits you but does no damage.
You hit the elf zombie. You constrict the elf zombie.
The kobold zombie misses you. The elf zombie closely misses you.
You catch the helpless kobold zombie completely off-guard!
You impale the kobold zombie!!
You destroy the kobold zombie!
You constrict the elf zombie.
You destroy the elf zombie!
The kobold zombie hits you.
* * * LOW HITPOINT WARNING * * *
The human zombie hits you.
* * * LOW HITPOINT WARNING * * *
You take 9 damage, and have 1/54 hp.
Unknown command.
Drink which item? (? for menu, Esc to quit)
You feel better. The kobold zombie barely misses you.
The kobold zombie closely misses you.
You regained 7 hp, and now have 8/54 hp.
You catch the helpless kobold zombie completely off-guard!
You impale the kobold zombie!!
You destroy the kobold zombie!
The human zombie misses you. The kobold zombie barely misses you.
You hit the kobold zombie. Your grab misses the kobold zombie.
The human zombie closely misses you.
You closely miss the kobold zombie. Your grab misses the kobold zombie.
The kobold zombie misses you.
You hit the human zombie. You grab the human zombie.
You squeeze the human zombie. You constrict the human zombie.
The human zombie hits you.
* * * LOW HITPOINT WARNING * * *
The kobold zombie hits you.
* * * LOW HITPOINT WARNING * * *
You take 3 damage, and have 6/54 hp.
You barely miss the kobold zombie. You grab the kobold zombie.
You constrict the human zombie. You constrict the kobold zombie.
The human zombie barely misses you.
You are too injured to fight recklessly!
You are too injured to fight recklessly!
You are too injured to fight recklessly!
You puncture the kobold zombie!
You destroy the kobold zombie!
You constrict the human zombie. The human zombie barely misses you.
You completely miss the human zombie. You constrict the human zombie.
You hit the human zombie. You constrict the human zombie.
The human zombie closely misses you.
Unknown command.
You hit the human zombie.
You flicker for a moment.
You constrict the human zombie. The human zombie hits you!
You die...

####################
#...................
#...................
#......Z.8..8.......
#.....Z..ZM.........
#...######..######..
#...# #.^# #.. #..@#
#.^# #.. #.Z.# #Z.#
#.. #...# ..... #..
#...# ##...... #..
#...# #.......#..
#...# #.......#..
#...# #.∩.....#..
#...# ....+####..
#..


You could see a human zombie.

Vanquished Creatures
  The ghost of flyleaff the Cleaver, an experienced HOFi of Okawaru (D:6)
  The ghost of flyleaff the Slicer, an experienced KoAs (D:5)
  Prince Ribbit (D:5)
  A hungry ghost (D:3)
  An ogre (D:6)
  An elf zombie (Ossuary)
  A scorpion (D:6)
  A hound (D:4)
  4 orc wizards
  A wasp zombie (D:4)
  A giant frog skeleton (D:6)
  A jelly (D:5)
  2 centaur zombies (Ossuary)
  Crazy Yiuf (D:5)
  3 worker ants
  2 centaur skeletons
  Natasha (thrice) (D:2)
  A big kobold zombie (Ossuary)
  2 mummies (Ossuary)
  Robin (D:1)
  6 adders
  2 shadow imps (D:5)
  2 adder zombies (Ossuary)
  3 worms
  4 giant geckos
  9 orcs
  14 bats
  2 bat skeletons (D:4)
  8 giant cockroaches
  15 hobgoblins
  17 jackals
  A ball python (D:1)
  A giant gecko skeleton (D:5)
  3 giant newts
  18 goblins
  A goblin zombie (D:6)
  7 hobgoblin zombies (Ossuary)
  9 kobolds
  10 kobold zombies (Ossuary)
  10 orc zombies (Ossuary)
  2 quokkas
  11 rats
  3 rat zombies
  A fungus (D:5)
189 creatures vanquished.

Notes
Turn   | Place    | Note
--------------------------------------------------------------
     0 | D:1      | zhaorenw the Octopode Assassin began the quest for the Orb.
     0 | D:1      | Reached XP level 1. HP: 14/14 MP: 1/1
   214 | D:1      | Reached XP level 2. HP: 10/19 MP: 2/2
   369 | D:1      | Reached skill level 6 in Stealth
  1066 | D:1      | Reached XP level 3. HP: 24/24 MP: 3/3
  1381 | D:2      | Noticed Robin
  1386 | D:2      | Reached skill level 7 in Stealth
  1405 | D:1      | HP: 3/24 [Robin/dagger (5)]
  1406 | D:1      | Killed Robin
  1853 | D:2      | Reached XP level 4. HP: 22/29 MP: 4/4
  1942 | D:2      | Noticed Natasha
  1950 | D:2      | Killed Natasha
  1950 | D:2      | Reached skill level 8 in Stealth
  1962 | D:2      | Noticed Natasha
  1999 | D:2      | Killed Natasha
  2268 | D:2      | Noticed Natasha
  2273 | D:2      | Killed Natasha
  2360 | D:2      | Reached XP level 5. HP: 34/34 MP: 5/5
  2845 | D:2      | Found a glowing silver altar of Zin.
  2934 | D:2      | Reached skill level 9 in Stealth
  3409 | D:3      | Noticed a hungry ghost
  3416 | D:3      | Killed a hungry ghost
  3416 | D:3      | Reached skill level 10 in Stealth
  3416 | D:3      | Reached XP level 6. HP: 39/39 MP: 6/6
  4361 | D:4      | Reached skill level 11 in Stealth
  4361 | D:4      | Reached XP level 7. HP: 45/45 MP: 7/7
  5268 | D:5      | Entered Level 5 of the Dungeon
  5434 | D:5      | Found a white marble altar of Elyvilon.
  5442 | D:5      | Reached skill level 12 in Stealth
  5519 | D:5      | Found Rioppary's Food Boutique.
  5521 | D:5      | Noticed Prince Ribbit
  5530 | D:5      | Killed Prince Ribbit
  5578 | D:5      | Got a crystal war axe
  5579 | D:5      | Identified the +1 war axe "Itwig" {antimagic, +Inv Str+2 SInv} (You found it on level 5 of the Dungeon)
  5682 | D:5      | Reached skill level 13 in Stealth
  5682 | D:5      | Reached XP level 8. HP: 50/50 MP: 8/8
  5759 | D:5      | Gained mutation: Your system is resistant to poisons. [potion of mutation]
  5759 | D:5      | Gained mutation: Your magical capacity is low (-10% MP). [potion of mutation]
  5759 | D:5      | Gained mutation: You are clumsy. (Dex -2) [potion of mutation]
  5987 | D:5      | Noticed flyleaff's ghost (experienced KoAs)
  6008 | D:5      | Noticed Crazy Yiuf
  6014 | D:5      | Killed Crazy Yiuf
  6016 | D:5      | Got an ancient hammer
  6021 | D:5      | Identified the +6 hammer of Ovucwi {flame, -Tele rC- rN+ Str+11} (You found it on level 5 of the Dungeon)
  6041 | D:5      | Learned a level 2 spell: Stoneskin
  6187 | D:5      | Killed flyleaff's ghost
  6187 | D:5      | Reached skill level 14 in Stealth
  6805 | D:6      | Reached skill level 1 in Evocations
  6810 | D:6      | Reached skill level 2 in Evocations
  6956 | D:6      | Reached skill level 3 in Evocations
  6994 | D:6      | Found a sand-covered staircase.
  6998 | D:6      | Noticed flyleaff's ghost (experienced HOFi)
  7004 | D:6      | HP: 11/50 [flyleaff's ghost (14)]
  7008 | D:6      | HP: 3/50 [flyleaff's ghost (19)]
  7013 | D:6      | Killed flyleaff's ghost
  7013 | D:6      | Reached skill level 6 in Evocations
  7013 | D:6      | Reached XP level 9. HP: 15/54 MP: 9/12
  7023 | Ossuary  | Entered an ossuary
  7330 | Ossuary  | Reached skill level 7 in Evocations
  7332 | Ossuary  | HP: 13/54 [elf zombie (1)]
  7338 | Ossuary  | HP: 9/54 [elf zombie (1)]
  7343 | Ossuary  | HP: 7/54 [kobold zombie (3)]
  7343 | Ossuary  | HP: 1/54 [human zombie (6)]
  7348 | Ossuary  | HP: 8/54 [human zombie (1)]
  7353 | Ossuary  | Slain by a human zombie

Vault maps used:
D:1:      dpeg_arrival_simpleton_a
D:2:      zin_statuary, uniq_robin, uniq_natasha
D:4:      corexii_corridor_pit, dk_noncrumbling_2
D:5:      serial_shops, nicolae_shop_waterfront, first_bread, elyvilon_altar_3,
          uniq_crazy_yiuf_cottage, uniq_prince_ribbit1
D:6:      enter_ossuary_4, minmay_misc_feat_four_crosses, nrook_pool_corridor,
          uniq_pikel
Ossuary:  ossuary_tomb_1

Action                   |  1- 3 |  4- 6 |  7- 9 || total
-------------------------+-------+-------+-------++-------
Melee: Dagger            |    92 |    91 |   172 ||   355
       Short sword       |       |     2 |       ||     2
       Hammer            |       |       |     2 ||     2
 Fire: Blowgun           |       |    22 |     4 ||    26
 Cast: Stoneskin         |       |       |     1 ||     1
Evoke: Wand              |       |       |     3 ||     3
  Use: Scroll            |       |     5 |    10 ||    15
       Potion            |       |       |     5 ||     5
 Stab: Sleeping          |    11 |    23 |    29 ||    63
       Distracted        |     2 |       |     2 ||     4
       Invisible         |       |       |    10 ||    10
  Eat: Chunk             |     5 |    13 |     5 ||    23
       Beef jerky        |     1 |       |       ||     1

Vault maps used:
D:1:      dpeg_arrival_simpleton_a
D:2:      zin_statuary, uniq_robin, uniq_natasha
D:4:      corexii_corridor_pit, dk_noncrumbling_2
D:5:      serial_shops, nicolae_shop_waterfront, first_bread, elyvilon_altar_3,
          uniq_crazy_yiuf_cottage, uniq_prince_ribbit1
D:6:      enter_ossuary_4, minmay_misc_feat_four_crosses, nrook_pool_corridor,
          uniq_pikel
Ossuary:  ossuary_tomb_1

Table legend:
 A = Turns spent in this place as a percentage of turns spent in the entire game.
 B = Non-inter-level travel turns spent in this place as a percentage of non-inter-level travel turns spent in the entire game.
 C = Inter-level travel turns spent in this place as a percentage of turns spent in this place.
 D = Turns resting spent in this place as a percentage of non-inter-level travel turns spent in this place.
 E = Turns spent auto-exploring this place as a percentage of non-inter-level travel turns spent in this place.
 F = Non-inter-level travel turns spent in this place divided by the number of levels of this place that you've seen.
                   A       B       C       D       E      F
               +-------+-------+-------+-------+-------+----------------------
         Total | 100.0 | 100.0 |   0.2 |   3.3 |   2.5 | 420.0
       Dungeon |  95.1 |  95.1 |   0.2 |   3.4 |   2.6 | 465.8
       Ossuary |   4.9 |   4.9 |   0.0 |   2.1 |   0.0 | 145.0
               +-------+-------+-------+-------+-------+----------------------

Table legend:
 A = Kills in this place as a percentage of kills in entire the game.
 B = Kills by you in this place as a percentage of kills by you in the entire game.
 C = Kills by friends in this place as a percentage of kills by friends in the entire game.
 D = Other kills in this place as a percentage of other kills in the entire game.
 E = Experience gained in this place as a percentage of experience gained in the entire game.
 F = Experience gained in this place divided by the number of levels of this place that you have seen.
                   A       B       C       D       E      F
               +-------+-------+-------+-------+-------+----------------------
         Total | 100.0 | 100.0 |  -nan |  -nan | 100.0 | 443.6
       Dungeon |  80.3 |  80.3 |  -nan |  -nan |  90.7 | 469.3
       Ossuary |  19.7 |  19.7 |  -nan |  -nan |   9.3 | 289.0
               +-------+-------+-------+-------+-------+----------------------
